 Dungeon Crawl Stone Soup version 0.28-a0-1404-g4df0f3684d (webtiles) character file.

Game seed: 2200171893771291343

58 zap2161 the Sneak (level 4, 0/27 HPs)
             Began as a Kobold Brigand on Jan 5, 2022.
             Slain by a quasit (1 damage)
             ... on level 3 of the Dungeon.
             The game lasted 00:24:02 (2081 turns).

zap2161 the Sneak (Kobold Brigand)                  Turns: 2081, Time: 00:24:02

Health: 0/27       AC:  5    Str:  8      XL:     4   Next: 20%
Magic:  4/4        EV: 14    Int: 12      God:
Gold:   99         SH:  0    Dex: 10 (18) Spells: 3/3 levels left

rFire   . . .      SeeInvis +   a - +2 dagger
rCold   . . .      Faith    .   (no shield)
rNeg    + . .      Spirit   .   b - +0 robe
rPois   .          Reflect  .   m - +0 helmet
rElec   .          Harm     .   c - +0 cloak
rCorr   .          Rampage  .   p - +0 pair of gloves
Will    .....                   (no boots)
Stlth   ++++......              (no amulet)
HPRegen 0.09/turn               j - ring of see invisible
MPRegen 0.09/turn               o - ring of positive energy

@: no status effects
A: small, no large weapons, nightstalker 3
a: no special abilities


You were on level 3 of the Dungeon.
You visited 1 branch of the dungeon, and saw 3 of its levels.

You collected 99 gold pieces.

Inventory:

Hand Weapons
 a - a +2 dagger (weapon)
 r - a +0 hunting sling of flaming
Missiles
 d - 8 poisoned darts (quivered)
 e - 2 curare-tipped darts
 g - 73 stones
 l - 18 sling bullets
 n - 11 bolts
Armour
 b - a +0 robe (worn)
 c - a +0 cloak (worn)
 m - a +0 helmet (worn)
 p - a +0 pair of gloves (worn)
Jewellery
 j - a ring of see invisible (left hand)
 o - a ring of positive energy (right hand)
Scrolls
 h - a scroll of blinking {unknown}
 i - a scroll of noise {unknown}
 k - a scroll of identify {unknown}
 q - a scroll of vulnerability {unknown}
 s - a scroll of magic mapping {unknown}
Potions
 f - a potion of curing {unknown}


   Skills:
 * Level 2.4 Fighting
 * Level 3.3 Short Blades
 * Level 0.3(1.3) Slings
 * Level 2.3 Throwing
 * Level 2.2 Dodging
 * Level 6.4 Stealth


You had 3 spell levels left.
You didn't know any spells.
Your spell library was empty.

Dungeon Overview and Level Annotations

Branches:
Dungeon (3/15)

Altars:
Hepliaklqana
Xom

Annotations:
D:3 1 transporter, Pooter's ghost, amateur DsBe


Innate Abilities, Weirdness & Mutations

You are small and have problems with some larger weapons.
You are completely attuned to the shadows.


Message History

The quasit bites you but does no damage.
The quasit barely misses you.
The quasit claws you but does no damage.
Hit: a) +2 dagger
Press: ? - help, Dir - move target, f/p - quasit
Aim: a quasit (heavily wounded, about 57% to evade your +2 dagger)
You hit the quasit but do no damage.
The quasit is heavily wounded.
The quasit bites you.
* * * LOW HITPOINT WARNING * * *
The quasit claws you but does no damage. x2
The quasit closely misses you. The quasit completely misses you.
The quasit misses you. The quasit barely misses you.
The quasit claws you but does no damage.
The quasit misses you. The quasit bites you.
* * * LOW HITPOINT WARNING * * *
The quasit barely misses you.
The quasit claws you but does no damage.
Hit: a) +2 dagger
Press: ? - help, Dir - move target, f/p - quasit
Aim: a quasit (heavily wounded, about 57% to evade your +2 dagger)
You hit the quasit but do no damage.
The quasit is heavily wounded.
The quasit closely misses you. The quasit barely misses you.
The quasit claws you.
* * * LOW HITPOINT WARNING * * *
The quasit closely misses you. The quasit barely misses you.
The quasit claws you but does no damage.
The quasit closely misses you. x2; The quasit misses you.
The quasit barely misses you. The quasit misses you.
The quasit claws you but does no damage.
Hit: a) +2 dagger
Press: ? - help, Dir - move target, f/p - quasit
Aim: a quasit (heavily wounded, about 57% to evade your +2 dagger)
You hit the quasit but do no damage.
The quasit is heavily wounded.
The quasit barely misses you.
The quasit claws you but does no damage.
The quasit claws you.
You die...

#..................#####.##.#
####.######.###.####............
#....# ##.............#####.##..
#.##.# #..####.©.####.......#...
#.##.###.## .##### ###..####.##
#.##.##..#.....?$..#. ##.# #>#
#.##.##.##.##..W###... #.# #.#
#.##.##.#.....#55...#.##.# #.#
#.##.##.#..##.5@5.#...#..# #.##
#.##.##.#......#..# ..#..# #...
#.##...[##5..#. .#....#..# ####
##.#####..#©...# ....5##..#
#...## ##.##### ###.##...#
.....####.....####©###..#.##
.......##.###..........##..#
.....#.##.# #####..#######.#
#...##.##.# #.## #.#


You could see 4 quasits and Pooter's ghost.

Vanquished Creatures
  A dart slug (D:2)
  2 orcs (D:3)
  6 ball pythons
  5 endoplasms
  A giant cockroach (D:3)
  8 hobgoblins
  2 jackals (D:2)
  4 kobolds (D:1)
  A quokka (D:1)
  3 bats
  5 frilled lizards
  6 goblins
  5 rats
49 creatures vanquished.

Notes
Turn   | Place    | Note
-------+----------+-------------------------------------------
     0 | D:1      | zap2161 the Kobold Brigand began the quest for the Orb.
     0 | D:1      | Reached XP level 1. HP: 12/12 MP: 1/1
   175 | D:1      | Reached XP level 2. HP: 12/17 MP: 2/2
   522 | D:1      | Reached skill level 6 in Stealth
   619 | D:1      | Reached XP level 3. HP: 13/22 MP: 3/3
  1598 | D:3      | Found a burning altar of Makhleb.
  1598 | D:3      | Found a shadowy altar of Dithmenos.
  1598 | D:3      | Found a stormy altar of Qazlal.
  1602 | D:3      | Reached XP level 4. HP: 27/27 MP: 4/4
  1614 | D:3      | Found a shimmering altar of Xom.
  1614 | D:3      | Found a white marble altar of Elyvilon.
  1616 | D:3      | Found a bloodstained altar of Trog.
  1731 | D:3      | Found a transporter.
  1752 | D:3      | Found a transporter.
  1759 | D:3      | Noticed Pooter's ghost (amateur DsBe)
  1877 | D:3      | Found a hazy altar of Hepliaklqana.
  2079 | D:3      | HP: 1/27 [quasit (1)]
  2081 | D:3      | Slain by a quasit

Illustrated notes

Levels and vault maps discovered:
D:1:      enne_arrival_octagon_isle, layout_basic, minmay_tetromino_t2
D:2:      layout_basic, hellmonk_ecumenical_altar_leap_of_faith,
          uniq_crazy_yiuf_cottage
D:3:      layout_loops_ring, lemuel_tele_altar, mainiacjoe_overflow_alcove_2,
          doesnt_xom_only_xom, gammafunk_ghost_stat_death,
          hangedman_decor_growths

Skill      XL: |  1  2  3 |
---------------+----------+-----
Stealth        | 6 |  6.4
Dodging        | 2 |  2.2
Short Blades   | 3 |  3.3
Fighting       | |  2.4
Slings         | |  0.3
Throwing       | |  2.3

Action                   |  1- 3 |  4- 6 || total
-------------------------+-------+-------++-------
Melee: Dagger            |    96 |    52 ||   148
       Punch             |     2 |     1 ||     3
 Fire: Hunting sling     |     1 |       ||     1
Throw: Dart              |     7 |     1 ||     8
 Stab: Sleeping          |    20 |     4 ||    24
Armor: Robe              |    10 |    62 ||    72
Dodge: Dodged            |    37 |    95 ||   132

Table legend: (Time is in decaauts)
 A = Elapsed time spent in this place.
 B = Non-inter-level travel time spent in this place.
 C = Inter-level travel time spent in this place.
 D = Time resting spent in this place.
 E = Time spent auto-exploring this place.
 F = Levels seen in this place.
 G = Mean time per level.
                   A        B        C        D        E       F      G
               +--------+--------+--------+--------+--------+-----+--------+
         Total |   2054 |   2054 |      0 |      0 |      0 |   3 |  684.7 |
       Dungeon |   2054 |   2054 |      0 |      0 |      0 |   3 |  684.7 |
               +--------+--------+--------+--------+--------+-----+--------+

Top non-repeatable levels by time:
     D:1: 922 daAuts
     D:3: 617 daAuts
     D:2: 514 daAuts
